 Dungeon Crawl Stone Soup version 0.29-a0-330-g52719c12eb (webtiles) character file.

Game seed: 17984091477748060196

119 shazbat the Digger (level 5, -5/28 HPs)
             Began as a Gargoyle Earth Elementalist on May 22, 2022.
             Slain by Crazy Yiuf
             ... wielding a +4 quarterstaff of chaos
              (15 damage)
             ... on level 2 of the Dungeon.
             The game lasted 00:15:30 (3350 turns).

shazbat the Digger (Gargoyle Earth Elementalist)    Turns: 3350, Time: 00:15:30

Health: -5/28      AC:  6    Str: 12    XL:     5   Next: 3%
Magic:  5/10       EV: 11    Int: 17    God:
Gold:   122        SH:  0    Dex: 10    Spells: 4/10 levels left

rFire   . . .      SeeInvis .   j - staff of conjuration
rCold   + . .      Faith    .   (no shield)
rNeg    + . .      Spirit   .   b - +0 robe
rPois   ∞          Reflect  .   (no helmet)
rElec   +          Harm     .   (no cloak)
rCorr   .          Rampage  .   (no gloves)
Will    .....                   (no boots)
Stlth   ++........              (no amulet)
HPRegen 0.09/turn               r - ring of protection from cold
MPRegen 0.12/turn               (no ring)

@: no status effects
A: sickness immunity, AC +4, negative energy resistance 1, electricity
resistance, torment resistance 1, petrification resistance
a: no special abilities


You were on level 2 of the Dungeon.
You visited 1 branch of the dungeon, and saw 3 of its levels.

You collected 122 gold pieces.

Inventory:

Hand Weapons
 d - a +1 club
 p - a +0 mace
 s - a +2 short sword of flaming
Missiles
 a - 114 stones
Armour
 b - a +0 robe (worn)
 o - a +0 leather armour
Magical Staves
 j - a staff of conjuration (weapon)
Jewellery
 r - a ring of protection from cold (left hand)
Scrolls
 t - a scroll of amnesia {unknown}
 u - a scroll of vulnerability {unknown}
 x - a scroll of teleportation {unknown}
Potions
 c - 2 potions of magic
 e - a potion of brilliance {unknown}
 f - 2 potions of attraction {unknown}
 g - 4 potions of curing
 h - a potion of invisibility {unknown}
 i - 2 potions of flight {unknown}
 k - a potion of might {unknown}
 l - a potion of ambrosia {unknown}
 m - 2 potions of lignification {unknown}
 n - a potion of degeneration {unknown}
 q - a potion of berserk rage {unknown}
 v - a potion of cancellation {unknown}
 w - a potion of heal wounds {unknown}


   Skills:
 - Level 1.5 Dodging
 - Level 2.1 Stealth
 + Level 3.3 Spellcasting
 + Level 0.9 Conjurations
 - Level 0.7 Transmutations
 + Level 5.2 Earth Magic
 + Level 0.6 Evocations


You had 4 spell levels left.
You knew the following spells:

 Your Spells              Type           Power      Damage    Failure   Level
a - Sandblast             Erth           40%        2d10      1%          1
b - Passwall              Tmut/Erth      10%        N/A       8%          2
c - Stone Arrow           Conj/Erth      38%        3d9       14%         3

Your spell library contained the following spells:

 Spells                   Type           Power      Damage    Failure   Level
 Beastly Appendage        Tmut           10%        N/A       13%         1
 Wereblood                Tmut           5%         N/A       19%         2
 Spider Form              Tmut/Pois      4%         N/A       41%         3
 Petrify                  Tmut/Erth      12%        N/A       45%         4


Dungeon Overview and Level Annotations

Branches:
Dungeon (3/15)

Altars:
Ashenzari

Annotations:
D:2 Crazy Yiuf


Innate Abilities, Weirdness & Mutations

You are immune to sickness and miasma.
Your stone body is resilient. (AC +4)
You are immune to poison.
You resist negative energy. (rN+)
You are resistant to electric shocks. (rElec)
You are resistant to unholy torment.
You are immune to petrification.


Message History

You open the door.
There is an open door here.
Found a stone staircase leading down.
x - a scroll labelled UBLIOTZ ZOBLUE Done exploring.
There is a stone staircase leading up here.
You climb upwards.
Level annotation: 1 runed translucent door, Crazy Yiuf
There is a stone staircase leading down here.
There is a stone staircase leading up here.
You open the door.
Casting: Sandblast (safe; 1% risk of failure)
Confirm with . or Enter, or press ? or * to list all spells.
Aiming: Sandblast (safe; 1% risk of failure)
Press: ? - help, Shift-Dir - straight line, f - Crazy Yiuf
Aim: Crazy Yiuf, wielding a +4 quarterstaff of chaos, wearing a +2 cloak and carrying a wand of flame (16) (83% to hit)
The blast of sand hits Crazy Yiuf.
Crazy Yiuf is lightly wounded.
Crazy Yiuf barely misses you.
Casting: Sandblast (safe; 1% risk of failure)
Confirm with . or Enter, or press ? or * to list all spells.
Aiming: Sandblast (safe; 1% risk of failure)
Press: ? - help, Shift-Dir - straight line, f/p - Crazy Yiuf
Aim: Crazy Yiuf, wielding a +4 quarterstaff of chaos, wearing a +2 cloak and carrying a wand of flame (16) (lightly wounded, 83% to hit)
The blast of sand hits Crazy Yiuf but does no damage.
Crazy Yiuf is lightly wounded.
Crazy Yiuf hits you with a +4 quarterstaff of chaos!!
Ouch! That really hurt!
You resist with significant effort.
Casting: Sandblast (safe; 1% risk of failure)
Confirm with . or Enter, or press ? or * to list all spells.
The spell is quite dangerous to miscast (14% risk of failure)!
Continue anyway?
Aiming: Stone Arrow (quite dangerous; 14% risk of failure)
Press: ? - help, Shift-Dir - straight line, f/p - Crazy Yiuf
Aim: Crazy Yiuf, wielding a +4 quarterstaff of chaos, wearing a +2 cloak and carrying a wand of flame (16) (lightly wounded, 72% to hit)
You feel a surge of power!
The stone arrow hits Crazy Yiuf!
Crazy Yiuf is severely wounded.
Crazy Yiuf hits you with a +4 quarterstaff of chaos!
Ouch! That really hurt!
You die...

#.# ###
############ #####
#..........# #)..#
#.#######.## #...#
#.# #..# ... #.#
##### #g# ### #.#
#...# ♣@♣♣ #.# #.#
#.### ♣♣.♣ #.# #.#
#.# ♣.♣♣ #.# #.#
#.### ♣♣.♣ #.# #.#
#...# ♣♣.♣♣ #.#
#.######..##
♣♣PP.♣ #.#
...........#
♣PP♣.♣ #.#
..######..##
#....# #.# ###
##...####+..+###.#


You could see Crazy Yiuf.

Vanquished Creatures
  Jessica (D:2)
  An orc wizard (D:3)
  An adder (D:2)
  2 dart slugs (D:1)
  4 orcs (D:3)
  7 ball pythons
  3 bats (D:1)
  3 endoplasms (D:1)
  2 giant cockroaches (D:3)
  8 goblins
  3 hobgoblins
  3 jackals (D:1)
  3 quokkas
  2 frilled lizards
  3 kobolds
  2 rats (D:2)
48 creatures vanquished.

Vanquished Creatures (others)
  A fungus (D:2)
1 creature vanquished.

Grand Total: 49 creatures vanquished

Notes
Turn   | Place    | Note
-------+----------+-------------------------------------------
     0 | D:1      | shazbat the Gargoyle Earth Elementalist began the quest for
                  | the Orb.
     0 | D:1      | Reached XP level 1. HP: 10/10 MP: 3/3
   146 | D:1      | Reached skill level 4 in Earth Magic
   146 | D:1      | Reached XP level 2. HP: 9/15 MP: 0/5
   202 | D:1      | Learned a level 2 spell: Passwall
   584 | D:1      | Reached XP level 3. HP: 19/19 MP: 4/6
   588 | D:1      | Learned a level 3 spell: Stone Arrow
  1707 | D:2      | Noticed Jessica
  1711 | D:2      | Killed Jessica
  1712 | D:2      | Reached skill level 5 in Earth Magic
  1712 | D:2      | Reached XP level 4. HP: 24/24 MP: 6/8
  1807 | D:2      | Found a runed translucent door.
  1808 | D:2      | Noticed Crazy Yiuf
  2386 | D:3      | Found a broken altar of Ashenzari.
  2627 | D:3      | Found a faded altar of an unknown god.
  2814 | D:3      | Reached XP level 5. HP: 28/28 MP: 8/10
  3350 | D:2      | Slain by Crazy Yiuf

Illustrated notes

Levels and vault maps discovered:
D:1:      scummos_arrival_star, layout_rooms, serial_co_window_serial,
          co_window_paths_b, co_window_paths_b, co_window_of_opportunity_a,
          co_window_paths_a, co_window_paths_b, co_window_paths_a,
          co_window_corner_a, co_window_corner_cb, co_window_of_opportunity_c,
          co_window_cross_2, co_window_4corner_b, glass_columns_c,
          glass_columns_c, glass_columns_a, glass_columns_c, glass_columns_b,
          chequers_arboretum
D:2:      layout_loops_ring, uniq_jessica, uniq_crazy_yiuf_cottage
D:3:      cheibrodos_old_hovel, layout_basic, mainiacjoe_overflow_brackets,
          hellmonk_ecumenical_altar_lost_god

Skill      XL: |  1  2  3 |
---------------+----------+-----
Earth Magic    | 4 5 |  5.2
Spellcasting   | 3 |  3.3
Dodging        | |  1.5
Stealth        | |  2.1
Conjurations   | |  0.9
Transmutations | |  0.7
Evocations     | |  0.6

Action                   |  1- 3 |  4- 6 || total
-------------------------+-------+-------++-------
Melee: Club              |    10 |       ||    10
       Staff             |       |     3 ||     3
 Cast: Sandblast         |    38 |    27 ||    65
       Stone Arrow       |       |     1 ||     1
  Use: Scroll            |     2 |     1 ||     3
Armor: Robe              |    15 |     1 ||    16
Dodge: Dodged            |    18 |     5 ||    23

Table legend: (Time is in decaauts)
 A = Elapsed time spent in this place.
 B = Non-inter-level travel time spent in this place.
 C = Inter-level travel time spent in this place.
 D = Time resting spent in this place.
 E = Time spent auto-exploring this place.
 F = Levels seen in this place.
 G = Mean time per level.
                   A        B        C        D        E       F      G
               +--------+--------+--------+--------+--------+-----+--------+
         Total |   3352 |   3022 |    330 |    246 |   2359 |   3 | 1117.3 |
       Dungeon |   3352 |   3022 |    330 |    246 |   2359 |   3 | 1117.3 |
               +--------+--------+--------+--------+--------+-----+--------+

Top non-repeatable levels by time:
     D:1: 1438 daAuts
     D:2: 1011 daAuts
     D:3: 901 daAuts
